 Dungeon Crawl Stone Soup version 0.24.0-10-g970556be89 (webtiles) character file.

Game seed: 16053827279386811883, levelgen mode: deterministic

585 opiumtea the Skirmisher (level 7, -2/53 HPs)
             Began as an Octopode Conjurer on Nov 3, 2019.
             Slain by a mummy (13 damage)
             ... in an ossuary.
             The game lasted 00:15:36 (5573 turns).

opiumtea the Skirmisher (Octopode Conjurer)         Turns: 5573, Time: 00:15:37

Health: -2/53      AC:  1    Str:  8    XL:     7   Next: 37%
Magic:  7/20       EV: 13    Int: 19    God:
Gold:   182        SH:  0    Dex: 12    Spells: 2/12 levels left

rFire    x . .     SeeInvis .   k - +2 spear (pierce)
rCold    + . .     Gourm    .   (no shield)
rNeg     . . .     Faith    .   (helmet restricted)
rPois    .         Spirit   .   (no amulet)
rElec    .         Reflect  .   v - ring of magical power
rCorr    .         Harm     .   B - ring of ice
MR       .....                  (no ring)
Stlth    +++.......             (no ring)
HPRegen  0.17/turn              (no ring)
MPRegen  0.17/turn              (no ring)
                                (no ring)
                                (no ring)

@: no status effects
A: almost no armour, stealthy swim, amphibious, 8 rings, constrict 8, camouflage
1, gelatinous body 1
a: no special abilities


You were in an ossuary.
You were hungry.

You visited 1 branch of the dungeon, and saw 5 of its levels.
You also visited: Ossuary.

You collected 182 gold pieces.

Inventory:

Hand Weapons
 d - a +0 club
 f - a +2 dagger of venom
 j - a +0 whip
 k - a +2 spear of piercing (weapon)
 u - a cursed +0 whip
Jewellery
 v - a ring of magical power (left tentacle)
 B - a ring of ice (right tentacle)
Wands
 A - a wand of scattershot (2)
Scrolls
 e - a scroll of fear
 m - a scroll of enchant weapon {unknown}
 o - 5 scrolls of remove curse
 p - a scroll of magic mapping
 w - a scroll of random uselessness {unknown}
 x - a scroll of amnesia {unknown}
 y - a scroll of immolation {unknown}
 z - a scroll of fog {unknown}
Potions
 a - 3 potions of cancellation
 c - a potion of invisibility
 h - 3 potions of flight
 i - a potion of resistance {unknown}
 l - a potion of mutation {unknown}
 n - a potion of curing {unknown}
 q - a potion of ambrosia {unknown}
 r - 2 potions of berserk rage
 s - a potion of agility {unknown}
 t - a potion of brilliance {unknown}
Comestibles
 b - 11 rations


   Skills:
 - Level 6.3 Fighting
 - Level 2.0 Dodging
 - Level 2.6 Stealth
 - Level 3.1 Spellcasting
 + Level 4.5 Conjurations
 + Level 1.8 Hexes


You had 2 spell levels left.
You knew the following spells:

 Your Spells              Type           Power        Failure   Level  Hunger
a - Magic Dart            Conj           ###.         2%          1    None
b - Searing Ray           Conj           ###...       3%          2    ##.....
c - Dazzling Spray        Conj/Hex       ##....       12%         3    ###....
d - Iskenderun's Mystic   Conj           ###.....     24%         4    ####...

Your spell library contained the following spells:

 Spells                   Type           Power        Failure   Level  Hunger
 Fulminant Prism          Conj/Hex       ##........   38%         4    ####...
 Force Lance              Conj/Tloc      ##......     52%         4    ####...


Dungeon Overview and Level Annotations

Branches:
Dungeon (5/15)            Ossuary (1/1)
 Temple: D:4-7

Altars:
Cheibriados
Nemelex Xobeh
Qazlal
Xom


Innate Abilities, Weirdness & Mutations

You cannot wear most types of armour.
You are very stealthy in the water. (Stealth+)
You are amphibious.
You can wear up to eight rings at the same time.
You can use your tentacles to constrict eight enemies at once.
Your skin changes colour to match your surroundings (Stealth+).
Your rubbery body absorbs attacks. (AC +1, EV +1)


Message History

Confirm with . or Enter, or press ? or * to list all spells.
Aiming: Magic Dart (safe; 2% risk of failure)
Press: ? - help, Shift-Dir - straight line, f/p - mummy
Aim: a mummy (almost destroyed)
The magic dart hits the mummy.
The mummy is almost destroyed.
The killer bee zombie hits you. The mummy hits you!
* * * LOW HITPOINT WARNING * * *
Casting: Magic Dart (safe; 2% risk of failure)
Confirm with . or Enter, or press ? or * to list all spells.
Aiming: Magic Dart (safe; 2% risk of failure)
Press: ? - help, Shift-Dir - straight line, f/p - mummy
Aim: a mummy (almost destroyed)
The magic dart hits the mummy but does no damage.
The mummy is almost destroyed.
The killer bee zombie hits you.
* * * LOW HITPOINT WARNING * * *
The killer bee zombie closely misses you.
The mummy hits you!
You die...

##### ###
#∩..#.'.#
#.@M'.#
#..Z#.'.#
##### ###


You could see a mummy and a killer bee zombie.

Vanquished Creatures
  A howler monkey (D:4)
  5 crimson imps
  An orc priest (D:3)
  A centaur skeleton (D:4)
  A hound (D:4)
  An orc wizard (D:3)
  2 worker ants (D:4)
  A killer bee zombie (D:3)
  2 mummies (Ossuary)
  9 adders
  A dart slug (D:1)
  3 leopard geckos
  11 orcs
  3 giant cockroaches
  4 goblins
  6 hobgoblins
  12 jackals
  4 kobolds
  3 quokkas
  4 bats
  3 frilled lizards
  A leopard gecko skeleton (D:4)
  A quokka zombie (Ossuary)
  11 rats
91 creatures vanquished.

Vanquished Creatures (others)
  3 withered plants (Ossuary)
3 creatures vanquished.

Grand Total: 94 creatures vanquished

Notes
Turn   | Place    | Note
-------+----------+-------------------------------------------
     0 | D:1      | opiumtea the Octopode Conjurer began the quest for the Orb.
     0 | D:1      | Reached XP level 1. HP: 11/11 MP: 3/3
   350 | D:1      | Reached XP level 2. HP: 17/17 MP: 0/5
   354 | D:1      | Learned a level 2 spell: Searing Ray
  1488 | D:2      | Reached XP level 3. HP: 21/21 MP: 3/7
  1615 | D:2      | Found a sparkling altar of Nemelex Xobeh.
  1665 | D:2      | Reached skill level 1 in Fighting
  1727 | D:2      | Found a snail-covered altar of Cheibriados.
  2319 | D:3      | Reached skill level 2 in Fighting
  2319 | D:3      | Reached XP level 4. HP: 7/30 MP: 3/8
  2820 | D:3      | Reached skill level 3 in Fighting
  2985 | D:3      | Reached XP level 5. HP: 24/36 MP: 8/9
  3101 | D:3      | Found a shimmering altar of Xom.
  3391 | D:3      | Learned a level 3 spell: Dazzling Spray
  3629 | D:3      | Reached skill level 4 in Fighting
  3799 | D:3      | Reached XP level 6. HP: 30/45 MP: 3/10
  4060 | D:3      | Reached skill level 5 in Fighting
  4563 | D:4      | Reached skill level 6 in Fighting
  4727 | D:4      | Reached XP level 7. HP: 53/53 MP: 11/11
  4749 | D:4      | Learned a level 4 spell: Iskenderun's Mystic Blast
  5114 | D:4      | Reached skill level 1 in Hexes
  5228 | D:4      | Found a stormy altar of Qazlal.
  5291 | D:5      | Entered Level 5 of the Dungeon
  5498 | D:5      | Found a sand-covered staircase.
  5512 | Ossuary  | Entered an ossuary
  5573 | Ossuary  | Slain by a mummy

Levels and vault maps discovered:
D:1:      wander_arrival_chamber, layout_loops_ring
D:2:      layout_rooms, cheibriados_altar_1, marbit_many_paths
D:3:      layout_loops_ring, led_xom_imps, first_ration
D:4:      layout_cave_pools, kennysheep_mini_moat,
          minmay_fractal_squares_diagonal_5
D:5:      layout_loops_ring, yredelemnul_forgotten_temple_becter,
          bloody_makhleb, gammafunk_temple_overflow_arena, basic_altar,
          serial_shops, shop, nicolae_ossuary_entry_plus, fedhas_altar_2,
          uniq_duvessa
Ossuary:  ossuary_zaba_flooded

Skill      XL: |  1  2  3  4  5  6  7 |
---------------+----------------------+-----
Spellcasting   | 3 |  3.1
Fighting       | 2 3 4 6 |  6.3
Hexes          | 1 |  1.8
Dodging        | |  2.0
Stealth        | |  2.6
Conjurations   | |  4.5

Action                   |  1- 3 |  4- 6 |  7- 9 || total
-------------------------+-------+-------+-------++-------
Melee: Unarmed           |     6 |       |       ||     6
       Constrict         |     5 |     2 |     3 ||    10
       Tentacles         |     3 |     3 |     2 ||     8
       Whip              |     3 |       |       ||     3
       Spear             |     8 |     9 |     8 ||    25
       Club              |     1 |       |       ||     1
 Cast: Magic Dart        |    63 |    98 |    37 ||   198
       Searing Ray       |     4 |    11 |     7 ||    22
       Dazzling Spray    |       |     3 |       ||     3
  Use: Scroll            |       |     4 |     5 ||     9
  Eat: Chunk             |     4 |     8 |     3 ||    15
Armor: Skin              |     2 |     1 |     2 ||     5
Dodge: Dodged            |    19 |    32 |    14 ||    65
